Map: Frozen Temple

Players

ShoWTimE

  • Race: Protoss Protoss
  • League: Master

Nerchio - Winner!

  • Race: Zerg Zerg
  • League: Master

Event: DreamHack ZOWIE Open Valencia 2016

VOD

Have the link to the VOD?

Description

Time

  • Played on: July 16, 2016, 6:31 a.m.
  • Length: 13:57

All games in this series

Show
View Real Time Build Order
Export as new Build Order

ShoWTimE Protoss 

Build Orders: 1 Gate Expand, Phoenix Opening 

Get SALT Encoding   

  12  0:00  Probe (Chrono Boost)  
  13  0:11  Probe (Chrono Boost)  
  14  0:18  Pylon  
  14  0:22  Probe (Chrono Boost)  
  15  0:36  Probe (Chrono Boost)  
  15  0:38  Gateway  
  16  0:45  Assimilator  
  16  0:47  Probe (Chrono Boost)  
  17  0:58  Probe (Chrono Boost)  
  18  1:08  Probe (Chrono Boost)  
  19  1:22  Nexus  
  19  1:25  Probe (Chrono Boost)  
  20  1:34  Cybernetics Core  
  20  1:38  Probe (Chrono Boost)  
  21  1:45  Assimilator  
  21  1:48  Probe (Chrono Boost)  
  21  1:53  Pylon  
  22  1:59  Probe (Chrono Boost)  
  23  2:07  Adept  
  23  2:11  Warp Gate  
  23  2:13  Probe (Chrono Boost)  
  26  2:25  Probe (Chrono Boost)  
  27  2:33  Stargate  
  27  2:34  Adept  
  27  2:36  Probe (Chrono Boost)  
  29  2:37  Probe (Chrono Boost)  
  31  2:47  Probe (Chrono Boost)  
  31  2:49  Probe (Chrono Boost)  
  33  2:56  Pylon  
  33  2:57  Probe (Chrono Boost)  
  34  2:59  Adept  
  34  3:03  Mothership Core (Chrono Boost)  
  38  3:08  Probe (Chrono Boost)  
  39  3:15  Phoenix  
  42  3:20  Probe (Chrono Boost)  
  42  3:22  Probe (Chrono Boost)  
  42  3:23  Adept  
  43  3:32  Probe (Chrono Boost)  
  47  3:34  Pylon  
  47  3:35  Probe (Chrono Boost)  
  47  3:39  Phoenix  
  47  3:44  Probe (Chrono Boost)  
  47  3:47  Probe (Chrono Boost)  
  52  3:56  Probe (Chrono Boost)  
  52  3:59  Probe (Chrono Boost)  
  52  4:01  Phoenix  
  51  4:08  Probe (Chrono Boost)  
  53  4:11  Probe (Chrono Boost)  
  53  4:16  Nexus  
  53  4:20  Adept, Probe (Chrono Boost)  
  53  4:23  Phoenix, Probe (Chrono Boost)  
  59  4:31  Pylon  
  59  4:32  Probe (Chrono Boost)  
  59  4:35  Probe (Chrono Boost)  
  60  4:39  Gateway  
  60  4:40  Gateway  
  60  4:43  Pylon, Probe (Chrono Boost)  
  61  4:50  Forge  
  61  4:51  Probe (Chrono Boost)  
  62  4:54  Probe (Chrono Boost)  
  62  4:57  Adept  
  62  4:59  Phoenix  
  67  5:05  Probe (Chrono Boost)  
  67  5:06  Assimilator  
  67  5:09  Assimilator  
  67  5:10  Probe (Chrono Boost)  
  68  5:16  Probe (Chrono Boost)  
  68  5:20  Probe (Chrono Boost)  
  70  5:24  Phoenix, Nexus  
  70  5:25  Protoss Ground Weapons Level 1  
  70  5:27  Photon Cannon  
  70  5:28  Pylon  
  68  5:36  Probe (Chrono Boost)  
  68  5:37  Probe (Chrono Boost)  
  68  5:39  Pylon  
  70  5:46  Probe (Chrono Boost)  
  70  5:49  Robotics Facility  
  72  5:51  Probe (Chrono Boost)  
  72  5:53  Robotics Facility  
  72  5:57  Zealot  
  72  6:00  Probe (Chrono Boost)  
  72  6:03  Pylon, Probe (Chrono Boost)  
  76  6:05  Pylon  
  76  6:10  Probe (Chrono Boost)  
  77  6:12  Twilight Council  
  77  6:15  Probe (Chrono Boost)  
  78  6:20  Pylon  
  78  6:21  Probe (Chrono Boost)  
  78  6:23  Sentry, Zealot x2  
  85  6:29  Probe (Chrono Boost)  
  86  6:34  Gateway  
  86  6:36  Observer  
  86  6:37  Probe (Chrono Boost)  
  86  6:39  Probe (Chrono Boost), Gateway x2  
  89  6:44  Immortal, Assimilator  
  89  6:45  Assimilator  
  90  6:47  Probe (Chrono Boost)  
  90  6:48  Charge  
  94  6:57  Probe (Chrono Boost)  
  94  6:58  Probe (Chrono Boost)  
  97  7:03  Templar Archives, Probe (Chrono Boost)  
  97  7:06  Immortal  
  98  7:09  Probe (Chrono Boost)  
  102  7:16  Protoss Ground Weapons Level 2  
  102  7:18  Gateway  
  102  7:20  Gateway  
  102  7:21  Warp Prism  
  102  7:22  Pylon  
  104  7:30  Psionic Storm  
  104  7:31  Photon Cannon  
  104  7:44  Immortal, High Templar  
  106  7:45  Zealot x4  
  118  7:59  Pylon x2  
  118  8:02  Immortal  
  118  8:04  High Templar  
  124  8:16  High Templar  
  126  8:20  Zealot x6  
  126  8:23  Pylon  
  138  8:28  Photon Cannon  
  138  8:35  Nexus  
  138  8:39  Immortal, Pylon  
  138  8:42  Pylon  
  138  8:45  Immortal  
  146  8:59  High Templar x2  
  146  9:00  Zealot x3  
  156  9:04  Archon  
  154  9:10  Photon Cannon  
  154  9:15  Oracle  
  157  9:18  Immortal  
  157  9:21  Pylon  
  161  9:25  Pylon, Zealot, High Templar x2  
  161  9:30  Archon  
  165  9:38  Zealot x2  
  165  9:39  Zealot x3  
  165  9:44  Immortal  
  157  9:57  Immortal  
  157  9:58  High Templar x2  
  157  9:59  Zealot x3  
  149  10:03  Archon  
  149  10:10  Zealot x3  
  155  10:18  Immortal  
  155  10:26  Zealot, High Templar x2  
  162  10:30  Archon  
  162  10:37  Immortal  
  164  10:44  Zealot x2  
  164  10:45  Zealot x3  
  164  10:47  Zealot  
  172  10:52  Immortal  
  172  10:56  Photon Cannon  
  172  10:57  Photon Cannon  
  172  11:00  Photon Cannon  
  172  11:02  Photon Cannon  
  176  11:16  Observer  
  177  11:19  Zealot x2  
  177  11:20  Zealot x4  
  177  11:21  Oracle  
  186  11:35  Zealot x2  
  188  11:40  Observer  
  188  11:44  Zealot  
  191  11:54  Pylon  
  191  11:56  Pylon  
  191  12:01  Nexus  
  191  12:05  Photon Cannon  
  191  12:06  Pylon  
  189  12:12  Zealot x4  
  189  12:13  Zealot x3  
  185  12:16  Zealot  
  187  12:29  Immortal  
  141  12:42  Immortal  
  141  12:43  High Templar  
  141  12:44  High Templar x5  
  132  12:45  High Templar x2  
  141  12:52  Archon  
  141  12:53  Archon x3  
  111  13:18  Zealot x4  
  119  13:20  High Templar x4  
  119  13:24  Pylon, Nexus  
  129  13:29  Mothership Core (Chrono Boost)  
  129  13:35  Archon  
Show
View Real Time Build Order
Export as new Build Order

Nerchio Zerg - Winner!

Build Orders: Hatch First, Lurkers 

Get SALT Encoding   

  12  0:00  Drone  
  13  0:12  Overlord  
  13  0:17  Drone  
  14  0:30  Drone x2  
  14  0:34  Drone  
  17  0:54  Drone  
  17  0:56  Hatchery  
  17  0:58  Drone  
  17  1:00  Extractor  
  17  1:13  Spawning Pool  
  17  1:16  Drone  
  17  1:20  Drone  
  18  1:28  Drone  
  19  1:38  Overlord  
  19  1:49  Drone  
  20  2:00  Queen  
  22  2:02  Metabolic Boost  
  22  2:05  Zergling x2  
  22  2:07  Queen  
  25  2:09  Drone  
  25  2:12  Drone  
  27  2:18  Drone  
  28  2:32  Hatchery  
  28  2:34  Drone  
  28  2:38  Zergling x2  
  28  2:39  Drone  
  30  2:45  Drone  
  30  2:46  Drone  
  32  2:51  Queen  
  32  2:56  Overlord  
  34  3:04  Drone x2  
  35  3:09  Overlord  
  35  3:14  Drone  
  35  3:15  Drone x2  
  35  3:16  Drone  
  35  3:19  Drone  
  39  3:21  Drone  
  39  3:26  Overlord  
  40  3:28  Drone  
  41  3:36  Queen  
  41  3:40  Zergling x6  
  46  3:46  Drone x3  
  46  3:48  Drone  
  50  3:49  Drone  
  50  3:59  Drone  
  50  4:00  Drone x2  
  50  4:01  Drone  
  51  4:03  Drone  
  51  4:07  Drone  
  53  4:10  Overlord  
  53  4:21  Zergling x10  
  57  4:28  Overlord  
  57  4:30  Drone x2  
  58  4:34  Lair  
  58  4:36  Overlord  
  58  4:46  Queen  
  58  4:48  Drone x6  
  58  4:51  Spore Crawler  
  64  4:57  Zergling x4  
  64  4:59  Overlord  
  65  5:03  Drone  
  65  5:07  Extractor  
  65  5:08  Roach Warren  
  63  5:14  Drone  
  63  5:15  Drone x2  
  63  5:16  Drone  
  63  5:17  Drone x7  
  63  5:20  Drone  
  72  5:24  Queen  
  72  5:26  Drone  
  72  5:27  Drone  
  70  5:30  Drone  
  70  5:34  Drone x2  
  70  5:35  Drone  
  73  5:37  Spore Crawler, Drone  
  73  5:38  Overlord  
  73  5:42  Overlord  
  73  5:47  Hydralisk Den  
  73  5:49  Extractor, Queen  
  73  5:51  Overlord  
  73  5:54  Overlord x2  
  73  6:03  Drone x4  
  73  6:04  Drone x4  
  81  6:07  Queen  
  81  6:08  Drone  
  81  6:09  Drone  
  81  6:11  Drone  
  84  6:14  Drone  
  84  6:15  Drone x3  
  84  6:16  Drone  
  87  6:20  Spore Crawler  
  87  6:22  Queen  
  88  6:26  Queen  
  90  6:33  Evolution Chamber  
  90  6:34  Hydralisk x3  
  90  6:37  Extractor  
  90  6:38  Muscular Augments  
  94  6:40  Hydralisk, Extractor  
  94  6:41  Overlord, Extractor  
  94  6:52  Hydralisk x2  
  98  6:55  Hydralisk  
  98  6:56  Hatchery  
  98  6:59  Drone  
  98  7:00  Drone x4  
  104  7:03  Hydralisk x2  
  108  7:08  Zerg Melee Weapons Level 1  
  108  7:12  Overlord  
  108  7:13  Hydralisk  
  110  7:16  Hydralisk  
  110  7:22  Hydralisk  
  112  7:23  Hydralisk  
  112  7:27  Drone x4  
  112  7:29  Overlord  
  120  7:30  Overlord x2  
  120  7:31  Overlord  
  120  7:39  Drone x4  
  120  7:40  Extractor  
  120  7:42  Drone  
  120  7:43  Drone  
  122  7:44  Hydralisk x3  
  122  7:48  Hydralisk  
  122  7:50  Drone x3  
  133  7:56  Lurker Den  
  133  8:00  Hydralisk  
  133  8:01  Hydralisk x2  
  133  8:03  Hydralisk  
  141  8:09  Hydralisk  
  141  8:10  Hydralisk x2  
  147  8:16  Hydralisk x2  
  151  8:20  Overlord  
  151  8:28  Zergling x10, Overlord  
  151  8:29  Overlord  
  151  8:34  Pneumatized Carapace  
  156  8:45  Spore Crawler x2, Zergling x18  
  159  9:04  Zergling x4  
  160  9:12  Hydralisk x2  
  164  9:23  Lurker x7  
  164  9:24  Zergling x2, Lurker x3  
  174  9:25  Zergling x32  
  190  9:35  Overlord x2  
  190  9:38  Overlord x2  
  190  9:39  Overlord  
  185  9:52  Hydralisk x12  
  161  9:54  Hydralisk  
  161  9:57  Hydralisk  
  179  10:00  Zergling x6  
  179  10:06  Hydralisk x4  
  184  10:12  Zergling x10  
  184  10:13  Zergling x4  
  197  10:18  Hydralisk  
  197  10:20  Hatchery  
  198  10:33  Hydralisk  
  198  10:34  Hydralisk x2  
  199  10:37  Spore Crawler  
  199  10:38  Spore Crawler x3  
  199  10:41  Spore Crawler x2, Hydralisk  
  199  10:42  Hydralisk x4  
  195  10:55  Zergling x2  
  195  10:56  Zergling x14  
  196  11:01  Infestation Pit  
  196  11:02  Zerg Missile Weapons Level 1  
  195  11:10  Zergling x10  
  197  11:21  Lurker x2  
  193  11:28  Hydralisk  
  189  11:36  Hydralisk x7  
  189  11:37  Hydralisk x2  
  189  11:39  Hydralisk  
  196  11:50  Zergling x12  
  200  12:01  Spore Crawler, Spine Crawler x2  
  184  12:31  Hydralisk x12  
  184  12:35  Zergling x12  
  192  12:43  Zergling x10  
  189  12:47  Hydralisk  
  189  12:48  Hydralisk x4  
  191  13:02  Hydralisk x4  
  191  13:04  Zergling x2  
  191  13:05  Zergling x16  
  190  13:07  Zergling x2  
  190  13:10  Hydralisk  
  190  13:11  Hydralisk  
  186  13:15  Hydralisk  
  188  13:20  Lurker  
  188  13:21  Zergling x8  

Tags
 
Add a new tag
Caveats
  • Supply blocks, unpowered buildings, or Contaminate may cause inaccurate times.
  • Supply counts are checked every 10 seconds.